 Dungeon Crawl Stone Soup version 0.18-a0-1774-gce1f7b6 (webtiles) character file.

602 namelastname112 the Sneak (level 7, 0/36 HPs)
             Began as a Vine Stalker Assassin on Apr 15, 2016.
             Was an Initiate of Dithmenos.
             Slain by a mummy (7 damage)
             ... in an ossuary.
             The game lasted 00:05:36 (3559 turns).

namelastname112 the Sneak (Vine Stalker Assassin)   Turns: 3559, Time: 00:05:36

Health: 0/36       AC:  4    Str: 14    XL:     7   Next: 41%
Magic:  0/8        EV: 13    Int: 11    God:    Dithmenos [......]
Gold:   184        SH:  0    Dex: 17    Spells: 0 memorised, 6 levels left

rFire  + . .     SeeInvis .     n - +1 dagger (venom)
rCold  . . .     Gourm    .     c - +0 robe
rNeg   . . .     Faith    .     (no shield)
rPois  .         Spirit   +     (no helmet)
rElec  .         Dismiss  .     d - +1 cloak
rCorr  .         Reflect  .     (no gloves)
SustAt .         Harm     .     (no boots)
MR     .....     Rnd*Tele +     (no amulet)
Stlth  ++++......               j - ring of teleportation (curse)
                                w - ring of protection from fire

@: not resistant to hostile enchantments, stealthy
A: fangs 2, regeneration 2, magic shield, antimagic bite, no device heal 3, rot
immunity
a: Renounce Religion


You were in an ossuary.
You worshipped Dithmenos.
Dithmenos was noncommittal.
You were very hungry.

You visited 2 branches of the dungeon, and saw 6 of its levels.
You also visited: Ossuary.

You collected 184 gold pieces.

Inventory:

Hand Weapons
 b - a +0 blowgun
 n - a +1 dagger of venom (weapon)
 v - a +1 short sword of draining
Missiles
 e - 38 poisoned needles
 f - 2 curare-tipped needles
 l - a throwing net (quivered)
 r - 4 tomahawks
Armour
 c - a +0 robe (worn)
 d - a +1 cloak (worn)
Jewellery
 i - an uncursed ring of ice
 j - a cursed ring of teleportation (right hand)
 w - a ring of protection from fire (left hand)
 y - an uncursed ring of flight
Scrolls
 a - 2 scrolls of blinking {unknown}
 k - 2 scrolls of enchant armour
 o - a scroll of identify
 p - a scroll of enchant weapon {unknown}
 q - a scroll of fear {unknown}
 t - 2 scrolls of remove curse
 x - a scroll of random uselessness {unknown}
Potions
 h - a potion of flight {unknown}
 m - a potion of curing
 s - 3 potions of brilliance {unknown}
Comestibles
 g - 6 bread rations
 u - a meat ration
 z - 2 fruits


   Skills:
 + Level 3.0 Fighting
 * Level 4.3 Short Blades
 + Level 3.1 Throwing
 + Level 2.4 Dodging
 * Level 6.9 Stealth


You had 6 spell levels left.
You didn't know any spells.

Dungeon Overview and Level Annotations

Branches:
Dungeon (5/15)             Temple (1/1) D:4

Altars:
Ashenzari
Cheibriados
Dithmenos
Fedhas
Gozag
Makhleb
Nemelex Xobeh
Ru
Sif Muna
Vehumet
Xom
Yredelemnul
The Shining One

Shops:
D:4 :


Innate Abilities, Weirdness & Mutations

You have extremely sharp teeth.
You heal very quickly.
When hurt, damage is shared between your health and your magic reserves.
Your bite disrupts and absorbs the magic of your enemies.
Potions and wands cannot restore your health.
You are immune to rotting.


Message History

MP restored: 8
There is an empty arch of ancient stone here.
You are feeling very hungry.
You barely miss the mummy.
The mummy is severely damaged.
The kobold zombie completely misses you.
You hit the mummy but do no damage. Your bite misses the mummy.
The mummy is severely damaged.
The goblin zombie closely misses you. The mummy hits you!
* * * LOW HITPOINT WARNING * * *
The kobold zombie completely misses you.
You take 11 damage, and have 6/36 hp.
MASSIVE DAMAGE!!
You now have 2/8 mp.
You hit the mummy but do no damage. You bite the mummy, but do no damage.
The mummy is severely damaged.
You hit the mummy. You bite the mummy, but do no damage.
The mummy is almost destroyed.
The goblin zombie hits you but does no damage.
The kobold zombie hits you but does no damage.
The mummy hits you!
You die...

######################
#........ZM@ZZZZZ....#
#...........ZZZZZZ...#
#.ZZ##############...#
#...# #...# #..Z#
#...#Z #...# #...#
....'####ZZ.# #...#
#.∩.....#...# #.ZM#
#.M.....#ZZ.# #...#
#.......#...#


You could see a mummy, a goblin zombie, 2 hobgoblin zombies, 5 kobold zombies, 2
big kobold zombies and 2 human zombies.

Vanquished Creatures
  2 ogres
  An elf zombie (Ossuary)
  A scorpion (D:5)
  Crazy Yiuf (D:2)
  A giant frog skeleton (D:4)
  Jessica (D:2)
  A hound zombie (D:5)
  3 gnolls (D:4)
  11 adders
  An ooze (D:1)
  A worm (D:2)
  2 dart slugs
  A giant gecko (D:4)
  5 orcs
  3 giant cockroaches
  6 hobgoblins
  2 jackals (D:4)
  A quokka (D:2)
  A ball python (D:1)
  7 bats
  4 giant newts
  11 goblins
  7 hobgoblin zombies (Ossuary)
  8 kobolds
  7 kobold zombies (Ossuary)
  6 orc zombies (Ossuary)
  2 rats
97 creatures vanquished.

Notes
Turn   | Place    | Note
--------------------------------------------------------------
     0 | D:1      | namelastname112 the Vine Stalker Assassin began the quest for the Orb.
     0 | D:1      | Reached XP level 1. HP: 11/11 MP: 2/2
   121 | D:1      | Reached XP level 2. HP: 8/15 MP: 3/3
   127 | D:1      | Reached skill level 5 in Stealth
   298 | D:1      | Reached skill level 1 in Dodging
   393 | D:1      | Reached XP level 3. HP: 9/18 MP: 4/4
   578 | D:2      | Found an opulent altar of Gozag.
   735 | D:2      | Found a sacrificial altar of Ru.
   813 | D:2      | Reached XP level 4. HP: 20/23 MP: 5/5
   931 | D:2      | Noticed Jessica
   935 | D:2      | Killed Jessica
   943 | D:2      | Found a deep blue altar of Sif Muna.
   949 | D:2      | Reached XP level 5. HP: 26/27 MP: 6/6
  1113 | D:2      | Noticed Crazy Yiuf
  1119 | D:2      | Killed Crazy Yiuf
  1439 | D:3      | Found a radiant altar of Vehumet.
  1439 | D:3      | Noticed an ogre
  1451 | D:3      | Killed an ogre
  1451 | D:3      | Reached skill level 6 in Stealth
  1451 | D:3      | Gained mutation: You heal very quickly. [Vine Stalker growth]
  1451 | D:3      | Reached XP level 6. HP: 14/32 MP: 4/7
  1981 | D:4      | Found a sparkling altar of Nemelex Xobeh.
  2246 | D:4      | Reached XP level 7. HP: 35/35 MP: 8/8
  2322 | D:4      | Found a staircase to the Ecumenical Temple.
  2449 | Temple   | Entered the Ecumenical Temple
  2539 | Temple   | Became a worshipper of Dithmenos the Shadowed
  2610 | D:4      | Found Big Lant's Book Shop.
  2693 | D:4      | Found a snail-covered altar of Cheibriados.
  2774 | D:4      | Found a sparkling altar of Nemelex Xobeh.
  3117 | D:5      | Entered Level 5 of the Dungeon
  3136 | D:5      | Found a blossoming altar of Fedhas.
  3249 | D:5      | Found a sand-covered staircase.
  3254 | Ossuary  | Entered an ossuary
  3559 | Ossuary  | Slain by a mummy

Vault maps used:
D:1:      dpeg_arrival_refuge
D:2:      lemuel_doored_altar, marbit_many_paths,
          nicolae_ru_great_annihilating_truth, uniq_jessica,
          uniq_crazy_yiuf_cottage
D:3:      old_standard_altar
D:4:      lemuel_coloured_pillars_altar, kennysheep_slug_shrine,
          temple_fountains, serial_shops, shop, first_bread,
          minmay_misc_feat_ornament, glass_columns_c,
          nemelex_diamond_rough_becter
D:5:      fedhas_altar_fruit_tree, enter_ossuary_2
Temple:   circular_temple_6
Ossuary:  ossuary_tomb_1

Skill      XL: |  1  2  3  4  5  6  7 |
---------------+----------------------+-----
Short Blades   | 2 3 4 |  4.3
Throwing       | 2 3 |  3.1
Stealth        | 5 6 |  6.9
Dodging        | 1 2 |  2.4
Fighting       | 2 3 |  3.0

Action                   |  1- 3 |  4- 6 |  7- 9 || total
-------------------------+-------+-------+-------++-------
Melee: Dagger            |   123 |    97 |   171 ||   391
       Bite              |    36 |    26 |    74 ||   136
  Use: Scroll            |     4 |       |       ||     4
 Stab: Sleeping          |     7 |     9 |     4 ||    20
       Distracted        |       |     1 |       ||     1
  Eat: Chunk             |       |     4 |     2 ||     6
       Fruit             |       |       |     2 ||     2
Armor: Robe              |    64 |    19 |    45 ||   128
Dodge: Dodged            |   123 |    66 |    98 ||   287
